 Dungeon Crawl Stone Soup version 0.31-a0-431-g88bdf31460 (webtiles) character file.

Game seed: 5482429116646739103

23069 Dirtsage the Mimic (level 13, -7/83 HPs)
             Began as an Octopode Shapeshifter on July 31, 2023.
             Was a Priest of the Shining One.
             Shot with an arrow by Nessos (8 damage)
             ... on level 3 of the Lair of Beasts.
             The game lasted 00:36:30 (10061 turns).

Dirtsage the Mimic (Octopode Shapeshifter)         Turns: 10061, Time: 00:36:31

Health: -7/83      AC:  5    Str: 15    XL:     13   Next: 4%
Magic:  17/17      EV: 13    Int: 20    God:    the Shining One [***...]
Gold:   677        SH:  9    Dex: 13    Spells: 12/12 levels left

rFire   . .          .
                       - Unarmed
rCold   . . .        d - +3 warlock's mirror {omnireflect}
rNeg    + . .        (helmet currently unavailable)
rPois   .            f - amulet of regeneration
rElec   .            k - +4 ring of protection
rCorr   .            C - +6 ring of intelligence
SInv    .            (no ring)
Will    .....        (no ring)
Stlth   +            (no ring)
HPRegen 1.13/turn    (no ring)
MPRegen 0.15/turn    (no ring)
                     (no ring)

%: reflection
@: lethally poisoned (-7 -> -15), beast-form, glowing
A: beast (slay +7), almost no armour, amphibious, 8 rings, camouflage 1,
gelatinous body 1, (nimble swimmer 1), tentacles
a: Begin Untransformation, Renounce Religion, Divine Shield, Cleansing Flame


You were on level 3 of the Lair of Beasts.
You worshipped the Shining One.
The Shining One was most pleased with you.
You were a hulking beast.
You visited 3 branches of the dungeon, and saw 15 of its levels.

You collected 902 gold pieces.
You spent 225 gold pieces at shops.

Inventory:

Missiles
 x - 3 curare-tipped darts
Armour
 d - the +3 warlock's mirror (worn) {omnireflect}
   (You acquired it on level 5 of the Dungeon)

   Omnireflect: It can block and reflect piercing ranged attacks and magical
   attacks against the wielder's willpower.
 D - a +2 hat
Jewellery
 f - an amulet of regeneration (around mantle)
 k - a +4 ring of protection (left tentacle)
 u - an amulet of magic regeneration
 C - a +6 ring of intelligence (right tentacle)
Talismans
 b - a beast talisman (active)
Wands
 n - a wand of paralysis (13)
 o - a wand of roots (6)
 v - a wand of flame (26)
 H - a wand of acid (5)
Scrolls
 c - 2 scrolls of enchant armour
 g - 2 scrolls of fear
 i - 5 scrolls of identify
 j - 3 scrolls of silence
 p - 2 scrolls of poison
 r - a scroll of revelation
 s - 2 scrolls of amnesia
 t - 5 scrolls of teleportation
 w - 2 scrolls of noise
 y - a scroll of torment {unknown}
 B - 4 scrolls of blinking
 F - 2 scrolls of vulnerability {unknown}
 G - a scroll of fog {unknown}
Potions
 a - 3 potions of attraction {unknown}
 e - 2 potions of mutation
 h - 3 potions of haste
 m - 2 potions of invisibility
 q - 7 potions of curing
 z - a potion of might {unknown}
 A - 3 potions of enlightenment
 E - a potion of degeneration {unknown}
 I - a potion of ambrosia {unknown}
Miscellaneous
 l - a phial of floods (inert)


   Skills:
 * Level 6.1 Fighting
 - Level 2.0 Dodging
 + Level 9.2 Shields
 + Level 11.2 Unarmed Combat
 * Level 6.5 Invocations
 - Level 12.2 Shapeshifting


You had 12 spell levels left.
You didn't know any spells.
Your spell library contained the following spells:

 Spells                   Type           Power      Damage    Failure   Level
 Apportation              Tloc           0%         N/A       24%         1
 Freeze                   Ice            0%         1d3       24%         1
 Necrotise                Necr           0%         1d4       24%         1
 Sting                    Tmut/Pois      0%         1d3       24%         1
 Summon Small Mammal      Summ           0%         N/A       24%         1
 Poisonous Vapours        Pois/Air       0%         N/A       34%         2
 Sublimation of Blood     Necr           0%         N/A       34%         2
 Wereblood                Tmut           0%         N/A       34%         2
 Frozen Ramparts          Ice            0%         1d1       56%         3
 Hailstorm                Conj/Ice       0%         3d3       56%         3
 Inner Flame              Hex/Fire       0%         N/A       56%         3
 Mephitic Cloud           Conj/Pois/Air  0%         N/A       56%         3
 Flame Wave               Conj/Fire      0%         2d4       93%         4
 Olgreb's Toxic Radiance  Pois           0%         N/A       93%         4
 Sticky Flame             Conj/Fire      0%         2d3       93%         4
 Summon Lightning Spire   Summ/Air       0%         N/A       93%         4
 Freezing Cloud           Conj/Ice/Air   0%         6-21      100%        5
 Lee's Rapid Deconstruct  Erth           0%         3d4*      100%        5
 Yara's Violent Unravell  Hex/Tmut       0%         3d3       100%        5
 Conjure Ball Lightning   Conj/Air       0%         3x3d6     100%        6
 Enfeeble                 Hex            0%         N/A       100%        7
 Summon Hydra             Summ           0%         N/A       100%        7
 Discord                  Hex            0%         N/A       100%        8
 Disjunction              Tloc           0%         N/A       100%        8
 Animate Armour           Summ/Erth      Unusable   N/A       N/A         4

Dungeon Overview and Level Annotations

Branches:
Dungeon (11/15)            Temple (1/1) D:6            Lair (3/5) D:11
  Swamp (0/4) Lair:3
  Snake: Lair:2-3    Spider: Lair:2-3       Orc: D:9-12

Altars:
Ashenzari
Cheibriados
Dithmenos
Elyvilon
Fedhas
Gozag
Hepliaklqana
Kikubaaqudgha
Makhleb
Nemelex Xobeh
Okawaru
Qazlal
Ru
Sif Muna
Trog
Uskayaw
Vehumet
Wu Jian
Xom
Yredelemnul
Zin
The Shining One

Shops:
D:3 (   D:4 ?(*   D:10 [

Portals:
Abyss: D:8

Annotations:
D:8 2 transporters, qborf's ghost, novice TrSh
Lair:3 Nessos


Innate Abilities, Weirdness & Mutations

You are a hulking beast.
Your limbs bulge with bestial killing power. (Slay +7)
You cannot wear most types of armour.
You are amphibious.
You can wear up to eight rings at the same time.
Your skin changes colour to match your surroundings (Stealth+).
Your rubbery body absorbs attacks. (AC +1, EV +1)
((You are camouflaged when in or above water. (Stealth+)))
You have tentacles for arms and can constrict up to eight enemies at once.


Message History

You feel very sick.
Nessos shoots an arrow.
The arrow closely misses you.
You take 4 damage, and have 46/83 hp.
The wraith attacks as you move away! The wraith misses you.
You feel very sick.
You take 3 damage, and have 43/83 hp.
You feel very sick.
You take 2 damage, and have 41/83 hp.
The wraith attacks as you move away! You block the wraith's attack.
You feel very sick.
You take 2 damage, and have 39/83 hp.
You tentacle-slap the wraith.
Your tentacle-slap misses the wraith.
You squeeze the wraith!
The wraith is heavily damaged.
You feel sick.
You take 1 damage, and have 38/83 hp.
You batter the wraith!!
You destroy the wraith!
The Shining One accepts your kill.
You feel sick.
Nessos gestures wildly while chanting.
Nessos blinks!
You feel sick.
You take 1 damage, and have 37/83 hp.
You feel sick.
You feel sick.
You feel sick.
Nessos shoots an arrow.
You block the arrow with your +3 warlock's mirror {omnireflect}... and reflect it back!
The arrow hits Nessos.
The arrow burns Nessos.
You feel sick.
Nessos shoots an arrow.
The arrow hits you!
* * * LOW HITPOINT WARNING * * *
The arrow burns you.
You are more poisoned.
* * * LOW HITPOINT WARNING * * *
You take 22 damage, and have 16/83 hp.
MASSIVE DAMAGE!!
You feel better.
Nessos shoots an arrow.
The arrow hits you!!
* * * LOW HITPOINT WARNING * * *
The arrow burns you!
You are lethally poisoned!
You die...

8...+..... #.?..c# #
.......... #...>.##.#
......P... ####### #.....#...
#...##... +.....# #.........
.#.## #....###.....#.. .+..#
#.. ##......c....#... .#..#
#.... #...c##.......... n...#
#.....##....##.....##..
P###.##..... #..h###.....#
##.####..<.######.##.....#####
###.#.#.....## #####..........
............P###.#.#..........
..............................
..............................
...........§.##.##P##.........
.....§§§§....#######..........
####.†§§♣§§§...# #.#..†......


You could see Nessos.

Vanquished Creatures
  Gastronok (D:9)
  Josephine (Lair:3)
  2 two-headed ogres (D:11)
  A catoblepas (Lair:3)
  A death yak (Lair:2)
  2 bog bodies (Lair:3)
  A swamp dragon (Lair:1)
  A cyclops (D:11)
  2 black mambas (Lair:2)
  Maggie (D:6)
  6 cane toads
  8 komodo dragons
  2 rime drakes (Lair:2)
  4 trolls
  3 polar bears
  Prince Ribbit (D:8)
  4 blink frogs (Lair:1)
  4 slime creatures (D:10)
  5 wraiths
  Sigmund (D:5)
  6 wyverns
  13 yaks
  A basilisk (D:11)
  A steam dragon (D:9)
  8 water moccasins
  3 orc warriors (D:9)
  An ice beast (D:5)
  3 black bears
  5 wolves (Lair:1)
  An ogre (D:6)
  5 centaurs
  A phantom (D:6)
  5 kobold brigands
  11 bullfrogs
  A scorpion (D:11)
  3 wights (D:6)
  3 killer bees (D:9)
  3 howler monkeys
  5 electric eels (D:10)
  2 hounds (D:5)
  3 orc priests
  2 jellies
  3 iguanas
  7 orc wizards
  Robin (D:2)
  10 adders
  4 white imps
  2 worms
  A dart slug (D:3)
  37 orcs
  8 ball pythons
  7 bats
  8 endoplasms
  4 giant cockroaches
  13 hobgoblins
  3 jackals (D:1)
  20 kobolds
  2 quokkas
  3 frilled lizards
  21 goblins
  8 rats
299 creatures vanquished.

Vanquished Creatures (others)
  A polar bear (Lair:3)
  A kobold (D:8)
2 creatures vanquished.

Grand Total: 301 creatures vanquished

Notes
Turn   | Place    | Note
-------+----------+-------------------------------------------
     0 | D:1      | Dirtsage the Octopode Shapeshifter began the quest for the
                  | Orb.
     0 | D:1      | Reached XP level 1. HP: 13/13 MP: 1/1
   134 | D:1      | Reached XP level 2. HP: 11/18 MP: 2/2
   707 | D:2      | Noticed Robin
   715 | D:2      | Reached XP level 3. HP: 19/23 MP: 3/3
   739 | D:2      | Killed Robin
   863 | D:2      | Reached XP level 4. HP: 15/28 MP: 4/4
   961 | D:2      | Found a faded altar of an unknown god.
   998 | D:2      | Reached skill level 4 in Shapeshifting
  1723 | D:4      | Found Unounkio's Assorted Antiques.
  1732 | D:4      | Bought a shiny silver ring for 95 gold pieces
  1823 | D:4      | Reached XP level 5. HP: 33/33 MP: 5/5
  1861 | D:4      | Found Vanam's Weapon Shoppe.
  1862 | D:4      | You fall into a shaft and drop 3 floors!
  1868 | D:7      | Noticed a wyvern
  1890 | D:7      | Reached XP level 6. HP: 33/38 MP: 6/6
  1917 | D:6      | Reached skill level 5 in Shapeshifting
  2053 | D:6      | Found a staircase to the Ecumenical Temple.
  2059 | Temple   | Entered the Ecumenical Temple
  2071 | Temple   | Became a worshipper of the Shining One
  2095 | D:6      | Found a shimmering altar of Xom.
  2099 | D:6      | Found a stormy altar of Qazlal.
  2131 | D:5      | Entered Level 5 of the Dungeon
  2327 | D:4      | Reached skill level 5 in Unarmed Combat
  2327 | D:4      | Reached XP level 7. HP: 43/43 MP: 7/7
  2392 | D:4      | Found Saku's Magic Scroll Shop.
  2395 | D:4      | Bought a scroll of identify for 20 gold pieces
  2395 | D:4      | Bought a scroll of identify for 20 gold pieces
  2395 | D:4      | Bought a scroll of teleportation for 30 gold pieces
  2395 | D:4      | Bought a scroll of identify for 20 gold pieces
  2395 | D:4      | Bought a scroll of fear for 40 gold pieces
  2571 | D:3      | Found Wenoseih's Weapon Boutique.
  3134 | D:4      | Reached skill level 6 in Shapeshifting
  3270 | D:5      | Reached XP level 8. HP: 33/48 MP: 8/8
  3342 | D:5      | Noticed Sigmund
  3420 | D:5      | Identified a scroll of acquirement
  3422 | D:5      | Acquired the +3 warlock's mirror {omnireflect}
  3422 | D:5      | Found the +3 warlock's mirror {omnireflect}
  3440 | D:5      | Reached skill level 7 in Shapeshifting
  3451 | D:5      | Killed Sigmund
  3943 | D:6      | Noticed Maggie
  3951 | D:6      | Killed Maggie
  3961 | D:6      | Reached skill level 8 in Shapeshifting
  3961 | D:6      | Reached XP level 9. HP: 30/53 MP: 9/9
  4318 | D:7      | Found a hide-covered altar of Uskayaw.
  4318 | D:7      | Reached * piety under the Shining One
  4771 | D:8      | Found a flagged portal.
  4804 | D:8      | Noticed Prince Ribbit
  4952 | D:8      | Noticed a brown ugly thing
  4968 | D:8      | Found a transporter.
  4976 | D:8      | Noticed qborf's ghost (novice TrSh)
  4994 | D:8      | Found a transporter.
  4994 | D:8      | Found a one-way gate to the infinite horrors of the Abyss.
  5033 | D:8      | Found a shimmering blue altar of Sif Muna.
  5204 | D:8      | Reached skill level 9 in Shapeshifting
  5250 | D:8      | Killed Prince Ribbit
  5373 | D:8      | Found a snail-covered altar of Cheibriados.
  5378 | D:8      | Found an opulent altar of Gozag.
  5378 | D:8      | Found an ancient bone altar of Kikubaaqudgha.
  5379 | D:8      | Found a white marble altar of Elyvilon.
  5382 | D:8      | Found an ornate altar of the Wu Jian Council.
  5710 | D:9      | Noticed Gastronok
  5734 | D:9      | Killed Gastronok
  5735 | D:9      | Reached skill level 5 in Shields
  5735 | D:9      | Reached XP level 10. HP: 34/58 MP: 10/10
  5958 | D:9      | Reached skill level 10 in Shapeshifting
  6471 | D:10     | Entered Level 10 of the Dungeon
  6631 | D:10     | The Shining One protects you from harm!
  7081 | D:10     | Reached XP level 11. HP: 59/63 MP: 11/11
  7098 | D:10     | Reached skill level 11 in Shapeshifting
  7233 | D:10     | Reached ** piety under the Shining One
  7398 | D:10     | Found Odic's Armour Boutique.
  7566 | D:11     | Noticed a boulder beetle
  7667 | D:11     | Noticed a two-headed ogre
  7671 | D:11     | Killed a two-headed ogre
  7884 | D:11     | Noticed a two-headed ogre
  7914 | D:11     | Killed a two-headed ogre
  8121 | D:11     | Reached skill level 10 in Unarmed Combat
  8163 | D:11     | Found a staircase to the Lair.
  8164 | D:11     | Noticed a cyclops
  8181 | D:11     | Killed a cyclops
  8271 | D:11     | Upgraded the game from 0.31-a0-426-g3a05650e59 to
                  | 0.31-a0-431-g88bdf31460
  8277 | Lair:1   | Entered Level 1 of the Lair of Beasts
  8324 | Lair:1   | Reached skill level 12 in Shapeshifting
  8429 | Lair:1   | Found an ancient bone altar of Kikubaaqudgha.
  8509 | Lair:1   | Reached XP level 12. HP: 68/68 MP: 12/12
  8594 | Lair:1   | Reached skill level 1 in Invocations
  9477 | Lair:2   | Noticed a death yak
  9489 | Lair:2   | Noticed a death yak
  9494 | Lair:2   | Killed a death yak
  9495 | Lair:2   | Noticed a death yak
  9495 | Lair:2   | Noticed a death yak
  9522 | Lair:2   | You fall into a shaft and drop 1 floor!
  9570 | Lair:2   | Noticed a death yak
  9630 | Lair:3   | Reached skill level 5 in Invocations
  9741 | Lair:3   | Reached *** piety under the Shining One
  9753 | Lair:3   | Noticed Josephine
  9793 | Lair:3   | Killed Josephine
  9794 | Lair:3   | Reached skill level 5 in Fighting
  9842 | Lair:3   | Noticed a catoblepas
  9852 | Lair:3   | Killed a catoblepas
  9991 | Lair:3   | Found a staircase to the Swamp.
 10002 | Lair:3   | Reached XP level 13. HP: 83/83 MP: 17/17
 10048 | Lair:3   | Noticed Nessos
 10061 | Lair:3   | HP: 1/83 [Nessos/arrow (22)]
 10061 | Lair:3   | Shot with an arrow by Nessos

Illustrated notes

Levels and vault maps discovered:
D:1:      lemuel_arrival_lava_pool, layout_basic, serial_park_tiny_2
D:2:      layout_basic, hellmonk_ecumenical_altar_crossroads, uniq_robin
D:3:      layout_basic, serial_shops, shop_fountains, kennysheep_boxes
D:4:      layout_rooms, serial_shops, shop, nicolae_shop_rolled_up,
          nicolae_shop_crystal
D:5:      layout_cave_pools, uniq_sigmund
D:6:      layout_loops_ring, mainiacjoe_overflow_catwalk_spiral,
          minmay_temple_entry_enclosed_plants, uniq_maggie
D:7:      layout_basic, nicolae_uskayaw_dance_studio, grunt_ministairs_4
D:8:      layout_basic, minitemple, amcnicky_altar_gilded,
          gammafunk_ghost_abyssal_escape, enter_bailey_5, uniq_prince_ribbit1
D:9:      layout_loops_ring, eino_curves_03, uniq_gastronok
D:10:     erik_rubicon_b, layout_basic, serial_shops, nicolae_shop_statue_plus
D:11:     layout_gridville, minmay_lair_entry_grove
Temple:   nicolae_temple_ecumenical_triangle
Lair:1:   layout_roguey, basic_altar, hibernation_bobbens
Lair:2:   layout_cave_shapes, nicolae_spider_entry_orb_guardian, serial_forest,
          infiniplex_forest_end_2, infiniplex_forest_diagonal,
          infiniplex_forest_straight_2, infiniplex_forest_zigzag_2,
          infiniplex_forest_split, pdpol_lair_cabin_in_the_woods
Lair:3:   layout_regular_city, skrybe_swamp_entry_bodies, grunt_megastairs_3,
          uniq_josephine, uniq_nessos

Skill      XL: |  1  2  3  4  5  6  7  8  9 10 11 12 |
---------------+-------------------------------------+-----
Shapeshifting  | 4 5 6 8 9 10 12 | 12.2
Unarmed Combat | 4 5 6 8 9 10 11 | 11.2
Shields        | 2 5 6 8 9 |  9.2
Invocations    | 6 |  6.5
Fighting       | 6 |  6.1
Dodging        | |  2.0

Action                     |  1- 3 |  4- 6 |  7- 9 | 10-12 | 13-15 || total
---------------------------+-------+-------+-------+-------+-------++-------
  Melee: Unarmed           |    75 |   116 |   213 |   404 |     8 ||   816
         Constrict         |     7 |    36 |    42 |    43 |     1 ||   129
         Punch             |     2 |     8 |    10 |    51 |     2 ||    73
         Tentacles         |     5 |    22 |    46 |   124 |     2 ||   199
  Throw: Dart              |       |       |       |     4 |       ||     4
 Invoke: Divine Shield     |       |       |       |     2 |       ||     2
  Evoke: Phial of floods   |       |       |       |     1 |       ||     1
    Use: Potion            |     1 |       |     3 |     2 |     1 ||     7
         Scroll            |       |       |    16 |       |       ||    16
   Stab: Sleeping          |     5 |     5 |       |       |       ||    10
 Armour: Skin              |    27 |    13 |    40 |    43 |     1 ||   124
  Dodge: Dodged            |    22 |    73 |   100 |   126 |     7 ||   328
  Block: Buckler           |       |       |    31 |   135 |     6 ||   172
         Reflection        |       |       |     5 |    12 |     1 ||    18

Table legend: (Time is in decaauts)
 A = Elapsed time spent in this place.
 B = Non-inter-level travel time spent in this place.
 C = Inter-level travel time spent in this place.
 D = Time resting spent in this place.
 E = Time spent auto-exploring this place.
 F = Levels seen in this place.
 G = Mean time per level.
                   A        B        C        D        E       F      G
               +--------+--------+--------+--------+--------+-----+--------+
         Total |   9984 |   9483 |    501 |    307 |   6944 |  15 |  665.6 |
       Dungeon |   8200 |   7770 |    430 |    235 |   5823 |  11 |  745.5 |
        Temple |     21 |     13 |      8 |      0 |      0 |   1 |   21.0 |
          Lair |   1762 |   1699 |     63 |     72 |   1121 |   3 |  587.3 |
               +--------+--------+--------+--------+--------+-----+--------+

Top non-repeatable levels by time:
    D:10: 1033 daAuts
  Lair:1: 883 daAuts
     D:8: 859 daAuts
     D:2: 802 daAuts
     D:9: 777 daAuts
     D:3: 760 daAuts
    D:11: 733 daAuts
     D:1: 704 daAuts
     D:7: 684 daAuts
     D:5: 664 daAuts
     D:6: 641 daAuts
     D:4: 538 daAuts
  Lair:3: 507 daAuts
  Lair:2: 371 daAuts
  Temple: 21 daAuts
